 Dungeon Crawl Stone Soup version 0.29-a0-298-g3c90f9a769 (webtiles) character file.

Game seed: 439605440751254909

97 Dabor the Stinger (level 4, -2/36 HPs)
             Began as a Deep Elf Venom Mage on Mar 23, 2022.
             Was a Believer of Lugonu.
             Slain by a gnoll
             ... wielding a +0 spear
              (4 damage)
             ... on level 3 of the Dungeon.
             The game lasted 00:05:02 (2420 turns).

Dabor the Stinger (Deep Elf Venom Mage)             Turns: 2420, Time: 00:05:02

Health: -2/36      AC:  4    Str:  5    XL:     4   Next: 42%
Magic:  9/11       EV: 13    Int: 22    God:    Lugonu [**....]
Gold:   114        SH:  0    Dex: 15    Spells: 9/10 levels left

rFire   . . .      SeeInvis .   (no weapon)
rCold   . . .      Faith    .   (no shield)
rNeg    . . .      Spirit   .   a - +0 robe
rPois   .          Reflect  .   (no helmet)
rElec   .          Harm     .   f - +0 cloak
rCorr   .          Rampage  .   (no gloves)
Will    .....                   k - +0 pair of boots
Stlth   ..........              (no amulet)
HPRegen 0.12/turn               (no ring)
MPRegen 0.12/turn               (no ring)

@: berserking, very quick
A: no striking features
a: Renounce Religion, Depart the Abyss, Bend Space


You were on level 3 of the Dungeon.
You worshipped Lugonu.
Lugonu was pleased with you.
You visited 1 branch of the dungeon, and saw 3 of its levels.

You collected 114 gold pieces.

Inventory:

Armour
 a - a +0 robe (worn)
 d - an orb of guile
 f - a +0 cloak (worn)
 k - a +0 pair of boots (worn)
Scrolls
 e - 2 scrolls of noise
 h - a scroll of fog {unknown}
 i - 3 scrolls of teleportation {unknown}
 j - 2 scrolls of magic mapping {unknown}
 n - a scroll of amnesia {unknown}
Potions
 c - a potion of curing
 l - a potion of lignification {unknown}
 m - a potion of mutation {unknown}


   Skills:
 + Level 3.3 Dodging
 + Level 3.4 Stealth
 + Level 3.8 Spellcasting
 + Level 2.2 Transmutations
 + Level 3.9 Poison Magic


You had 9 spell levels left.
You knew the following spells:

 Your Spells              Type           Power      Damage    Failure   Level
a - Sting                 Tmut/Pois      72%        1d6       3%          1

Your spell library contained the following spells:

 Spells                   Type           Power      Damage    Failure   Level
 Poisonous Vapours        Pois/Air       24%        N/A       8%          2
 Passwall                 Tmut/Erth      7%         N/A       11%         2
 Ensorcelled Hibernation  Hex/Ice        8%         N/A       17%         2
 Mephitic Cloud           Conj/Pois/Air  10%        N/A       21%         3
 Olgreb's Toxic Radiance  Pois           21%        N/A       22%         4
 Swiftness                Air            4%         N/A       34%         3


Dungeon Overview and Level Annotations

Branches:
Dungeon (3/15)

Altars:
Nemelex Xobeh
Lugonu

Shops:
D:1 :?(*


Message History

You kill the gnoll!
Lugonu accepts your kill.
You feel better. The orc hits you with a +0 dagger.
The gnoll barely misses you. Magic courses through your body.
The orc misses you.
The gnoll hits you from afar with a +0 spear.
Casting: Sting (safe; 3% risk of failure)
Confirm with . or Enter, or press ? or * to list all spells.
Aiming: Sting (safe; 3% risk of failure)
Press: ? - help, Shift-Dir - straight line, f - orc
Aim: an orc, wielding a +0 dagger and wearing a +0 leather armour (almost dead, poisoned, 74% to hit)
The sting hits the orc but does no damage.
The orc looks even sicker.
The orc is almost dead.
You kill the orc!
Lugonu accepts your kill.
The gnoll hits you from afar with a +0 spear.
Casting: Sting (safe; 3% risk of failure)
Confirm with . or Enter, or press ? or * to list all spells.
Aiming: Sting (safe; 3% risk of failure)
Press: ? - help, Shift-Dir - straight line, f - gnoll
Aim: a gnoll, wielding a +0 spear (77% to hit)
The sting hits the gnoll.
The gnoll is poisoned.
The gnoll is lightly wounded.
The gnoll hits you from afar with a +0 spear.
* * * LOW HITPOINT WARNING * * *
Casting: Sting (safe; 3% risk of failure)
Confirm with . or Enter, or press ? or * to list all spells.
Aiming: Sting (safe; 3% risk of failure)
Press: ? - help, Shift-Dir - straight line, f/p - gnoll
Aim: a gnoll, wielding a +0 spear (lightly wounded, poisoned, 77% to hit)
Okay, then.
It was a potion of berserk rage.
A red film seems to cover your vision as you go berserk!
You feel yourself moving faster!
You feel mighty!
The gnoll hits you from afar with a +0 spear.
* * * LOW HITPOINT WARNING * * *
You feel a strong urge to attack something.
The gnoll hits you with a +0 spear.
You die...

### #.## #+# # #.†## ##.## #.
###############...###.#.# #..
#.........{g@......##.#.##...
#.#############.....#.#.#....
##'## #......#.#..... #...#
########..# ### #.o.# ##.#
#.g.# #.# ##o## #.# #)# #.#
#.# ####.#


You could see a gnoll (poisoned).

Vanquished Creatures
  A gnoll shaman (D:3)
  An adder (D:2)
  2 gnolls (D:3)
  2 orcs (D:3)
  2 ball pythons (D:1)
  5 bats
  An endoplasm (D:3)
  A giant cockroach (D:1)
  6 hobgoblins
  2 jackals (D:1)
  3 kobolds
  A quokka (D:2)
  4 frilled lizards
  3 goblins
  4 rats
  A spectral kobold (D:2)
39 creatures vanquished.

Notes
Turn   | Place    | Note
-------+----------+-------------------------------------------
     0 | D:1      | Dabor the Deep Elf Venom Mage began the quest for the Orb.
     0 | D:1      | Reached XP level 1. HP: 10/10 MP: 6/6
   136 | D:1      | Found Bahu Tunguck's Magic Scroll Boutique.
   325 | D:1      | Reached XP level 2. HP: 15/15 MP: 6/8
   487 | D:1      | Found Nuanni's Book Shop.
  1016 | D:1      | Found Tias's Antique Weapon Shop.
  1118 | D:1      | Found Uraem's General Store.
  1378 | D:2      | Reached XP level 3. HP: 12/19 MP: 1/9
  1813 | D:2      | Found a faded altar of an unknown god.
  1826 | D:2      | Prayed at the altar of an unknown god.
  1826 | D:2      | Became a worshipper of Lugonu the Unformed
  1826 | D:2      | Reached * piety under Lugonu
  1826 | D:2      | Reached ** piety under Lugonu
  2378 | D:3      | Found a sparkling altar of Nemelex Xobeh.
  2413 | D:3      | Reached XP level 4. HP: 12/24 MP: 2/11
  2420 | D:3      | Slain by a gnoll

Illustrated notes

Levels and vault maps discovered:
D:1:      erik_arrival_cave_to_civilisation [erik_arrival_cave_to_hall],
          layout_basic, serial_shops, shop, shop_scrolls, shop,
          nicolae_shop_behind_doors, serial_bayou_lagoon_a,
          wad_floor_pattern_untrapped, minmay_close_crescents
D:2:      layout_basic, dreamdust_ecumenical_altar_drowned_temple
D:3:      layout_basic, old_standard_altar, minmay_liquid_box, wad_orctagon

Skill      XL: |  1  2  3 |
---------------+----------+-----
Stealth        | 3 |  3.4
Dodging        | 3 |  3.3
Transmutations | 2 |  2.2
Spellcasting   | |  3.8
Poison Magic   | |  3.9

Action                   |  1- 3 |  4- 6 || total
-------------------------+-------+-------++-------
Melee: Unarmed           |     6 |       ||     6
 Cast: Sting             |    88 |     4 ||    92
  Use: Potion            |     1 |     3 ||     4
       Scroll            |     1 |       ||     1
Armor: Robe              |    10 |       ||    10
Dodge: Dodged            |    23 |     3 ||    26

Table legend: (Time is in decaauts)
 A = Elapsed time spent in this place.
 B = Non-inter-level travel time spent in this place.
 C = Inter-level travel time spent in this place.
 D = Time resting spent in this place.
 E = Time spent auto-exploring this place.
 F = Levels seen in this place.
 G = Mean time per level.
                   A        B        C        D        E       F      G
               +--------+--------+--------+--------+--------+-----+--------+
         Total |   2436 |   2359 |     77 |    296 |   1726 |   3 |  812.0 |
       Dungeon |   2436 |   2359 |     77 |    296 |   1726 |   3 |  812.0 |
               +--------+--------+--------+--------+--------+-----+--------+

Top non-repeatable levels by time:
     D:1: 1365 daAuts
     D:2: 751 daAuts
     D:3: 319 daAuts
